 Dungeon Crawl Stone Soup version 0.31.0-12-g77e489cdc1 (webtiles) character file.

Game seed: 185443455382490196

15993 Silvore the Basher (level 12, -18/106 HPs)
             Began as a Minotaur Fighter on Feb 24, 2024.
             Was a Priest of the Shining One.
             Demolished by Rupert
             ... wielding a +4 heavy battleaxe
              (31 damage)
             ... on level 12 of the Dungeon.
             The game lasted 00:14:32 (12418 turns).

Silvore the Basher (Minotaur Fighter)              Turns: 12418, Time: 00:14:33

Health: -18/106    AC: 28    Str: 24    XL:     12   Next: 6%
Magic:  0/11       EV:  9    Int: 11    God:    the Shining One [***...]
Gold:   573        SH:  9    Dex: 12    Spells: 11/11 levels left

rFire   . . .        B - +0 morningstar
rCold   . . .        c - +3 buckler
rNeg    + . .        e - +10 plate armour {ponderous}
rPois   .            (helmet restricted)
rElec   .            (no cloak)
rCorr   .            (no gloves)
SInv    .            A - +2 pair of boots
Will    +....        i - amulet of guardian spirit Stlth
                     G - +6 ring of intelligence
HPRegen 0.37/turn    K - ring of willpower
MPRegen 0.12/turn

%: guardian spirit
@: glowing, slow
A: horns 2, retaliatory headbutt
a: Renounce Religion, Divine Shield, Cleansing Flame


You were on level 12 of the Dungeon.
You worshipped the Shining One.
The Shining One was most pleased with you.
You visited 2 branches of the dungeon, and saw 13 of its levels.
You also visited: Ossuary.

You collected 867 gold pieces.
You donated 294 gold pieces to Zin.

Inventory:

Hand Weapons
 a - a +1 flail
 B - a +0 morningstar (weapon)
Missiles
 O - a throwing net (quivered)
Armour
 b - a +1 scale mail
 c - a +3 buckler (worn)
 e - a +10 plate armour of ponderousness (worn)
 k - a +0 pair of boots
 l - the +3 ring mail "Xovale" {rElec Dex+3}
   (You found it on level 2 of the Dungeon)

   Dex+3:     It affects your dexterity (+3).
   rElec:     It insulates you from electricity.
 v - a +0 plate armour
 A - a +2 pair of boots (worn)
Jewellery
 i - an amulet of guardian spirit (around neck)
 n - a ring of resist corrosion
 E - an amulet of regeneration
 G - a +6 ring of intelligence (left hand)
 K - a ring of willpower (right hand)
 M - an amulet of the acrobat
Wands
 d - a wand of iceblast (9)
 y - a wand of light (8)
 C - a wand of flame (27)
 F - a wand of paralysis (11)
 I - a wand of polymorph (11)
Scrolls
 g - 2 scrolls of immolation
 p - 2 scrolls of blinking
 q - a scroll of fear
 u - 2 scrolls of fog
 w - 5 scrolls of teleportation
 z - a scroll of noise
 D - a scroll of vulnerability
 H - 6 scrolls of identify
 L - a scroll of summoning
 N - a scroll of amnesia
 P - a scroll of poison {unknown}
Potions
 f - 5 potions of enlightenment
 h - 2 potions of haste
 j - 2 potions of brilliance
 m - 3 potions of curing
 o - 2 potions of attraction
 r - a potion of magic
 s - a potion of resistance
 t - 3 potions of degeneration
 x - 4 potions of mutation
 J - 2 potions of lignification


   Skills:
 + Level 10.3 Fighting
 + Level 14.7 Maces & Flails
 + Level 11.4 Armour
 + Level 5.4 Dodging
 + Level 1.7 Stealth
 + Level 10.4 Shields


You had 11 spell levels left.
You didn't know any spells.
Your spell library contained the following spells:

 Spells                   Type           Power      Damage    Failure   Level
 Freeze                   Ice            0%         1d3       99%         1
 Cigotuvi's Dreadful Rot  Necr/Alch/Air  0%         N/A       99%         2
 Ensorcelled Hibernation  Hex/Ice        0%         N/A       99%         2
 Lesser Beckoning         Tloc           0%         N/A       99%         2
 Searing Ray              Conj           0%         2d4       99%         2
 Sublimation of Blood     Necr           0%         N/A       99%         2
 Call Canine Familiar     Summ           0%         N/A       100%        3
 Frozen Ramparts          Ice            0%         1d1       100%        3
 Fugue of the Fallen      Necr           0%         N/A       100%        3
 Hailstorm                Conj/Ice       0%         3d5       100%        3
 Sigil of Binding         Hex            0%         N/A       100%        3
 Anguish                  Hex/Necr       0%         N/A       100%        4
 Dimensional Bullseye     Hex/Tloc       0%         N/A       100%        4
 Leda's Liquefaction      Alch/Erth      0%         N/A       100%        4
 Petrify                  Alch/Erth      0%         N/A       100%        4
 Irradiate                Conj/Alch      0%         3d11      100%        5
 Lee's Rapid Deconstruct  Erth           0%         3d4*      100%        5
 Metabolic Englaciation   Hex/Ice        0%         N/A       100%        5
 Bombard                  Conj/Erth      0%         9d1       100%        6


Dungeon Overview and Level Annotations

Branches:
Dungeon (12/15)            Temple (1/1) D:5            Lair (0/5) D:10
    Orc (0/2) D:10        Ossuary (visited)

Altars:
Ashenzari
Cheibriados
Dithmenos
Elyvilon
Fedhas
Gozag
Hepliaklqana
Kikubaaqudgha
Makhleb
Nemelex Xobeh
Okawaru
Qazlal
Ru
Sif Muna
Trog
Uskayaw
Vehumet
Wu Jian
Xom
Yredelemnul
Zin
The Shining One

Shops:
D:1 (

Annotations:
D:10 3 runed translucent doors, spaghetti's ghost, journeyman OnCK
D:12 Rupert


Innate Abilities, Weirdness & Mutations

You have a pair of horns on your head.
You reflexively headbutt those who attack you in melee.


Message History

Rupert is nearby!
You hit Rupert but do no damage. You bludgeon Rupert!!
Rupert is lightly wounded.
Rupert roars madly and goes into a rage!
Rupert goes berserk!
You barely miss Rupert. You headbutt Rupert!
Rupert is moderately wounded.
Rupert hits you with a +4 heavy battleaxe!!!
You sock Rupert!
Rupert is moderately wounded.
Rupert hits you but does no damage.
You impale Rupert!!
Rupert is heavily wounded.
You impale Rupert!!
Rupert is severely wounded.
Rupert hits you with a +4 heavy battleaxe!!
You barely miss Rupert.
Rupert is severely wounded.
Rupert hits you but does no damage.
You hit Rupert but do no damage. You headbutt Rupert, but do no damage.
Rupert is severely wounded.
Rupert hits you with a +4 heavy battleaxe!!
* * * LOW HITPOINT WARNING * * *
Unknown command.
Okay, then.
You barely miss Rupert.
Rupert is severely wounded.
Rupert hits you with a +4 heavy battleaxe.
* * * LOW HITPOINT WARNING * * *
You hit Rupert but do no damage. You headbutt Rupert!
Rupert is severely wounded.
You bludgeon Rupert!!
Rupert is severely wounded.
Rupert barely misses you.
You hit Rupert.
Rupert is severely wounded.
Rupert hits you with a +4 heavy battleaxe!!
You die...
Rupert roars with triumph.

######~~~~~~###~~~##
##~~~~.####~##
##~~#......#
#########.# #.# #.#
.[ #.# .. #.# .. #@#
#@# #.# ..# .## ..
.# ..


You could see Rupert (berserk).

Vanquished Creatures
  Fannar (D:10)
  5 two-headed ogres
  A boulder beetle (D:12)
  2 manticores (D:11)
  2 ugly things
  A cyclops (D:10)
  Maurice (D:7)
  4 gargoyles
  Jeremiah (D:7)
  2 unseen horrors
  A komodo dragon (D:11)
  2 trolls (D:11)
  Grinder (D:3)
  A shadow (D:10)
  2 water elementals (D:12)
  6 yaks (D:10)
  3 wyverns
  A steam dragon (D:9)
  Duvessa (D:7)
  2 acid dragons
  4 water moccasins
  4 orc warriors (D:10)
  2 ice beasts
  A black bear (D:6)
  A sky beast (D:7)
  6 centaurs
  An ogre (D:5)
  A phantom (D:5)
  2 kobold brigands
  2 bullfrogs
  2 wyvern zombies (D:3)
  2 gnoll sergeants
  5 scorpions
  Dowan (D:7)
  5 killer bees (D:9)
  2 howler monkeys (D:8)
  5 electric eels
  2 hounds (D:5)
  5 bullfrog zombies
  4 jellies
  3 gnoll boudas
  4 orc priests
  2 sleepcaps
  4 iguanas
  Natasha (thrice) (D:2)
  8 orc wizards
  The ghost of justen the Trooper, a weakling OnCA of Ignis (D:3)
  A killer bee zombie (Ossuary)
  2 crocodile zombies (Ossuary)
  5 hound zombies (Ossuary)
  6 mummies (Ossuary)
  Robin (D:2)
  5 howler monkey zombies
  21 gnolls
  5 adders
  2 shadow imps (D:5)
  2 white imps
  2 ufetubi (D:6)
  2 ribbon worms
  A dart slug (D:2)
  26 orcs
  7 ball pythons
  9 endoplasms
  2 giant cockroaches
  21 goblins
  8 hobgoblins
  4 jackals (D:1)
  5 quokkas
  4 ball python zombies (Ossuary)
  4 bats
  3 frilled lizards
  12 kobolds
  5 rats
287 creatures vanquished.

Notes
Turn   | Place    | Note
-------+----------+-------------------------------------------
     0 | D:1      | Silvore the Minotaur Fighter began the quest for the Orb.
     0 | D:1      | Reached XP level 1. HP: 19/19 MP: 0/0
   172 | D:1      | Reached XP level 2. HP: 27/27 MP: 1/1
   360 | D:1      | Reached XP level 3. HP: 20/33 MP: 2/2
   644 | D:1      | Found Puwiezon's Antique Weapon Shoppe.
  1076 | D:2      | Reached skill level 3 in Maces & Flails
  1117 | D:2      | Noticed Natasha
  1121 | D:2      | Killed Natasha
  1122 | D:2      | Reached XP level 4. HP: 41/41 MP: 3/3
  1255 | D:2      | Identified the +3 ring mail "Xovale" {rElec Dex+3}
  1355 | D:2      | Noticed Robin
  1385 | D:2      | Killed Robin
  1401 | D:2      | Reached skill level 4 in Maces & Flails
  1405 | D:2      | Found a faded altar of an unknown god.
  1502 | D:2      | Reached XP level 5. HP: 47/47 MP: 4/4
  1557 | D:2      | Noticed Natasha
  1569 | D:2      | Killed Natasha
  1570 | D:2      | Reached skill level 1 in Dodging
  1728 | D:2      | Noticed Natasha
  1735 | D:2      | Killed Natasha
  1979 | D:3      | Reached skill level 5 in Armour
  1991 | D:3      | Found a transporter.
  2002 | D:3      | Noticed justen's ghost (weakling OnCA)
  2005 | D:3      | Found a transporter.
  2016 | D:3      | Noticed Grinder
  2017 | D:3      | Paralysed by Grinder for 3 turns
  2027 | D:3      | Paralysed by Grinder for 2 turns
  2050 | D:3      | Paralysed by Grinder for 3 turns
  2057 | D:3      | Killed Grinder
  2058 | D:3      | Reached skill level 5 in Maces & Flails
  2058 | D:3      | Reached XP level 6. HP: 12/55 MP: 5/5
  2222 | D:3      | Found a hazy altar of Hepliaklqana.
  2246 | D:3      | You fall into a shaft and drop 1 floor!
  2380 | D:4      | Found an opulent altar of Gozag.
  2469 | D:4      | Found a sand-covered staircase.
  2484 | Ossuary  | Entered an ossuary
  2528 | Ossuary  | Reached skill level 5 in Fighting
  2528 | Ossuary  | Reached XP level 7. HP: 59/61 MP: 6/6
  2549 | Ossuary  | Reached skill level 6 in Maces & Flails
  2622 | Ossuary  | Reached skill level 5 in Shields
  2670 | Ossuary  | Reached skill level 7 in Maces & Flails
  3093 | D:4      | Reached XP level 8. HP: 38/70 MP: 3/7
  3439 | D:4      | Found a glowing golden altar of the Shining One.
  3855 | D:4      | Became a worshipper of the Shining One
  3945 | D:3      | Killed justen's ghost
  3953 | D:3      | Reached skill level 1 in Stealth
  3958 | D:3      | Reached skill level 8 in Maces & Flails
  4198 | D:5      | Entered Level 5 of the Dungeon
  4605 | D:5      | Found a staircase to the Ecumenical Temple.
  4615 | Temple   | Entered the Ecumenical Temple
  4708 | Temple   | Fell from the grace of the Shining One
  4708 | Temple   | Became a worshipper of Zin the Law-Giver
  4708 | Temple   | Reached * piety under Zin
  4709 | Temple   | Donated 136 gold pieces to Zin
  4934 | D:5      | Reached ** piety under Zin
  5202 | D:6      | Reached skill level 9 in Maces & Flails
  5208 | D:6      | Reached XP level 9. HP: 50/78 MP: 6/8
  6004 | D:6      | Donated 111 gold pieces to Zin
  6040 | D:7      | Reached *** piety under Zin
  6095 | D:7      | Reached skill level 10 in Maces & Flails
  6137 | D:7      | Found a sparkling altar of Nemelex Xobeh.
  6144 | D:7      | Noticed Dowan
  6145 | D:7      | Noticed Maurice
  6145 | D:7      | Noticed Duvessa
  6172 | D:7      | Killed Duvessa
  6175 | D:7      | Something stole a ring of resist corrosion
  6184 | D:7      | Something stole 123 gold
  6186 | D:7      | Killed Maurice
  6326 | D:7      | Killed Dowan
  6395 | D:7      | Found an ornate altar of the Wu Jian Council.
  6611 | D:7      | Noticed Jeremiah
  6620 | D:7      | Killed Jeremiah
  6621 | D:7      | Reached skill level 11 in Maces & Flails
  6621 | D:7      | Reached XP level 10. HP: 67/88 MP: 6/9
  7198 | D:7      | Found a stormy altar of Qazlal.
  7425 | D:4      | Fell from the grace of Zin
  7425 | D:4      | Became a worshipper of the Shining One
  7425 | D:4      | Reached * piety under the Shining One
  7861 | D:8      | Noticed a two-headed ogre
  7872 | D:8      | Killed a two-headed ogre
  7873 | D:8      | Reached skill level 5 in Dodging
  8021 | D:8      | Found a snail-covered altar of Cheibriados.
  8033 | D:8      | Reached ** piety under the Shining One
  8682 | D:9      | Reached skill level 12 in Maces & Flails
  9076 | D:10     | Entered Level 10 of the Dungeon
  9188 | D:10     | Found a basalt altar of Yredelemnul.
  9254 | D:10     | Noticed a two-headed ogre
  9262 | D:10     | Killed a two-headed ogre
  9347 | D:10     | Noticed a two-headed ogre
  9355 | D:10     | Killed a two-headed ogre
  9471 | D:10     | Reached XP level 11. HP: 31/97 MP: 3/10
  9480 | D:10     | Reached skill level 10 in Armour
  9687 | D:10     | Found a staircase to the Lair.
  9697 | D:10     | Noticed Fannar
  9718 | D:10     | HP: 2/97 [Fannar/bolt of cold (36)]
  9721 | D:10     | Killed Fannar
 10106 | D:10     | Reached skill level 13 in Maces & Flails
 10226 | D:10     | Found a staircase to the Orcish Mines.
 10371 | D:10     | Found a runed translucent gate.
 10372 | D:10     | Found a runed translucent gate.
 10373 | D:10     | Found a runed translucent gate.
 10373 | D:10     | Noticed spaghetti's ghost (journeyman OnCK)
 10436 | D:10     | Identified the +5 falchion "Fetitwie" {pain, Fly Dex+3}
 11146 | D:11     | Noticed a two-headed ogre
 11166 | D:11     | Killed a two-headed ogre
 11170 | D:11     | Reached skill level 14 in Maces & Flails
 11170 | D:11     | Reached skill level 10 in Shields
 11178 | D:11     | Noticed a two-headed ogre
 11178 | D:11     | Reached *** piety under the Shining One
 11185 | D:11     | Killed a two-headed ogre
 11407 | D:11     | Noticed a cyan ugly thing
 11414 | D:11     | Killed a cyan ugly thing
 11940 | D:12     | Reached skill level 10 in Fighting
 12082 | D:12     | Noticed a brown ugly thing
 12090 | D:12     | Killed a brown ugly thing
 12288 | D:12     | Reached XP level 12. HP: 92/106 MP: 11/11
 12328 | D:12     | Noticed a boulder beetle
 12346 | D:12     | Killed a boulder beetle
 12390 | D:12     | Got The Esoteric Arts in Simple Steps
 12404 | D:12     | Noticed Rupert
 12418 | D:12     | Demolished by Rupert

Illustrated notes

Levels and vault maps discovered:
D:1:      mainiacjoe_arrival_reflecting_pool, layout_basic, serial_shops,
          nicolae_shop_tiny_glass, minmay_cut_off
D:2:      layout_basic, serial_forest, infiniplex_forest_clump_cross,
          infiniplex_forest_clump_long, infiniplex_forest_lined_corner,
          infiniplex_forest_side_room, infiniplex_forest_straight_2,
          infiniplex_forest_clump_long, infiniplex_forest_clump_small,
          hellmonk_ecumenical_altar_zigzags, uniq_robin, uniq_natasha
D:3:      layout_rooms, overflow_temple_1_default, gammafunk_ghost_mausoleum,
          st_stairs_4, nicolae_shop_vocational, uniq_grinder
D:4:      layout_basic, grunt_gozag_breadcrumbs, lemuel_tele_altar,
          chequers_ossuary_entry_cave
D:5:      layout_cave_pools, minmay_temple_entry_trees
D:6:      layout_loops_ring, kennysheep_generic_room_10
D:7:      layout_loops_corners, mainiacjoe_overflow_catwalk_spiral,
          old_standard_altar, grunt_ministairs_1, uniq_maurice, uniq_duvessa,
          uniq_jeremiah
D:8:      layout_rooms, mainiacjoe_overflow_concentric_impassable, minivault_14,
          nicolae_grassy_gnolls
D:9:      layout_gridville
D:10:     layout_gridville, nicolae_overflow_crystal_walls, lair_entry_dummy,
          david_orc_4, gammafunk_ghost_nasty_kobolds, uniq_fannar
D:11:     layout_loops_ring, minmay_diced_spiral
D:12:     layout_basic, minmay_fractal_squares_gapless_7, uniq_rupert
Temple:   minmay_temple_curvy_branch

Skill      XL: |  1  2  3  4  5  6  7  8  9 10 11 |
---------------+----------------------------------+-----
Armour         | 4 5 7 8 9 11 | 11.4
Fighting       | 4 5 6 8 9 10 | 10.3
Shields        | 4 5 6 7 9 10 | 10.4
Maces & Flails | 3 4 5 7 9 11 12 14 | 14.7
Dodging        | 1 2 3 4 5 |  5.4
Stealth        | 1 |  1.7

Action                     |  1- 3 |  4- 6 |  7- 9 | 10-12 || total
---------------------------+-------+-------+-------+-------++-------
  Melee: Flail             |    64 |   123 |   290 |       ||   477
         Headbutt          |    11 |    22 |    72 |   103 ||   208
         Morningstar       |       |       |    44 |   361 ||   405
 Invoke: Donate Gold       |       |       |     2 |       ||     2
    Use: Scroll            |     3 |     5 |    13 |     4 ||    25
         Potion            |       |     1 |     2 |     2 ||     5
 Armour: Scale mail        |    42 |     9 |       |       ||    51
         Ring mail         |       |    90 |   212 |    78 ||   380
         Plate armour      |       |       |       |   275 ||   275
  Dodge: Dodged            |    33 |    71 |   156 |   148 ||   408
  Block: Buckler           |    12 |    26 |   112 |   188 ||   338
